 Dungeon Crawl Stone Soup version 0.30-a0-263-ge22c4ad894 (webtiles) character file.

Game seed: 13857857684543360206

387 sscrono2 the Sneak (level 6, 0/42 HPs)
             Began as an Octopode Delver on Oct 13, 2022.
             Was an Initiate of Hepliaklqana.
             Slain by a centaur (5 damage)
             ... on level 5 of the Dungeon.
             The game lasted 00:03:41 (871 turns).

sscrono2 the Sneak (Octopode Delver)                 Turns: 871, Time: 00:03:41

Health: 0/42       AC:  1    Str: 13    XL:     6   Next: 78%
Magic:  6/6        EV: 13    Int: 12    God:    Hepliaklqana [......]
Gold:   69         SH:  0    Dex: 14    Spells: 5/5 levels left

rFire   . . .      SeeInvis .      - Unarmed
rCold   . . .      Faith    .    (no shield)
rNeg    . . .      Spirit   .    (helmet restricted)
rPois   .          Reflect  .    (no amulet)
rElec   .          Harm     .    (no ring)
rCorr   .          Rampage  .    (no ring)
Will    .....                    (no ring)
Stlth   ++++......               (no ring)
HPRegen 0.27/turn                (no ring)
MPRegen 0.10/turn                (no ring)
                                 (no ring)
                                 (no ring)

@: no status effects
A: almost no armour, amphibious, 8 rings, camouflage 1, gelatinous body 1,
(nimble swimmer 1), tentacles
a: Renounce Religion


You were on level 5 of the Dungeon.
You worshipped Hepliaklqana.
Hepliaklqana was noncommittal.
You visited 2 branches of the dungeon, and saw 2 of its levels.
You also visited: Sewer.

You collected 69 gold pieces.

Inventory:

Wands
 e - a wand of digging (3)
Scrolls
 a - a scroll of fog
 d - 3 scrolls of enchant armour {unknown}
 h - a scroll of vulnerability {unknown}
 i - a scroll of amnesia {unknown}
 j - a scroll of poison {unknown}
Potions
 b - 2 potions of ambrosia
 f - a potion of haste
 g - a potion of cancellation {unknown}


   Skills:
 - Level 3.1 Fighting
 - Level 2.2 Dodging
 - Level 6.8 Stealth
 + Level 6.7 Unarmed Combat


You had 5 spell levels left.
You didn't know any spells.
Your spell library contained the following spells:

 Spells                   Type           Power      Damage    Failure   Level
 Foxfire                  Conj/Fire      0%         2x1d4     32%         1
 Fireball                 Conj/Fire      0%         3d3       100%        5
 Starburst                Conj/Fire      0%         6d3       100%        6


Dungeon Overview and Level Annotations

Branches:
Dungeon (5/15)             Temple (1/1) D:5           Sewer (visited)

Altars:
Dithmenos
Elyvilon
Hepliaklqana
Kikubaaqudgha
Nemelex Xobeh
Okawaru
Qazlal
Ru
Sif Muna
Trog
Uskayaw
Wu Jian
Xom
Yredelemnul

Shops:
D:5 :


Innate Abilities, Weirdness & Mutations

You cannot wear most types of armour.
You are amphibious.
You can wear up to eight rings at the same time.
Your skin changes colour to match your surroundings (Stealth+).
Your rubbery body absorbs attacks. (AC +1, EV +1)
((You are camouflaged when in or above water. (Stealth+)))
You have tentacles for arms and can constrict up to eight enemies at once.


Message History

There is a white marble altar of Elyvilon here.
There is a hazy altar of Hepliaklqana here.
You curl up in front of the altar of Hepliaklqana.
You have lost your religion!
Hepliaklqana welcomes you!
There is a staircase back to the Dungeon, spattered with blood here.
You climb upwards.
The ice beast misses you. The ice beast hits you. The ice beast freezes you!
There is a staircase to the Ecumenical Temple, spattered with blood here.
As you read the scroll of fear, it crumbles to dust.
You assume a fearsome visage.
The ice beast looks frightened!
There is a fountain of clear blue water here.
You open the door.
A hound comes into view.
You barely miss the hound. You grab the hound. You constrict the hound.
The hound bites you but does no damage.
You barely miss the hound. You squeeze the hound.
The hound is moderately wounded.
You constrict the hound. The hound bites you.
You bludgeon the hound!
The hound is almost dead.
You constrict the hound.
You kill the hound!
There is an open door, spattered with blood here.
You close the door.
You now have 69 gold pieces (gained 11).
Found a stone staircase leading down.
A centaur comes into view.
The centaur wields a +0 shortbow.
The centaur shoots an arrow.
The arrow hits you!
The centaur shoots an arrow.
The arrow hits you!
* * * LOW HITPOINT WARNING * * *
Okay, then.
Okay, then.
The centaur unwields a +0 shortbow.
The centaur hits you.
* * * LOW HITPOINT WARNING * * *
The centaur kicks you.
* * * LOW HITPOINT WARNING * * *
The centaur hits you.
You die...

......## *,*
#####..# #.# ##.#
#.# #.####### #.#
#.......# #.#
#.......# #.# ####
#.......# #.#
...####......# #c#
....####.##### #@#
...........###*#.#
..#....#.#....##.##
..#....#.####.....#
..##.....######..>#
##.##...........#.#
*..##...######.#.#
*...##....,,,..#.#
*,,..##.###*#..#.#


You could see a centaur.

Vanquished Creatures
  Grinder (Temple)
  A scorpion (D:5)
  A hound (D:5)
  An iguana (D:5)
  A hell rat (Sewer)
  2 adders (D:5)
  4 river rats
  6 rats
17 creatures vanquished.

Notes
Turn   | Place    | Note
-------+----------+-------------------------------------------
     0 | D:5      | sscrono2 the Octopode Delver began the quest for the Orb.
     0 | D:5      | Reached XP level 1. HP: 16/16 MP: 1/1
    14 | D:5      | Noticed a scorpion
    15 | D:5      | Noticed an iguana
    27 | D:5      | Found a glowing drain.
    35 | Sewer    | Entered a sewer
    54 | Sewer    | Reached XP level 2. HP: 7/21 MP: 2/2
   158 | Sewer    | Reached XP level 3. HP: 12/26 MP: 3/3
   260 | D:5      | Reached XP level 4. HP: 31/31 MP: 4/4
   275 | D:5      | Killed a scorpion
   276 | D:5      | Reached XP level 5. HP: 36/36 MP: 5/5
   289 | D:5      | Reached skill level 5 in Unarmed Combat
   454 | D:5      | Found a staircase to the Ecumenical Temple.
   456 | D:5      | Noticed Grinder
   457 | D:5      | Noticed an ice beast
   463 | Temple   | Entered the Ecumenical Temple
   466 | Temple   | Paralysed by Grinder for 3 turns
   472 | Temple   | Killed Grinder
   473 | Temple   | Reached XP level 6. HP: 16/42 MP: 6/6
   745 | Temple   | Became a worshipper of Ru the Awakened
   823 | Temple   | Fell from the grace of Ru
   823 | Temple   | Became a worshipper of Hepliaklqana the Forgotten
   871 | D:5      | Slain by a centaur

Illustrated notes

Levels and vault maps discovered:
D:5:      layout_basic, nicolae_gozag_seed_capital,
          minmay_temple_entry_statues_fountains, portal_sewer_entry_a,
          serial_shops, nicolae_stop_n_shop_1, nrook_mini_backslash,
          nicolae_take_the_stairs, uniq_grinder
Temple:   nicolae_temple_two_arcs

Skill      XL: |  1  2  3  4  5 |
---------------+----------------+-----
Unarmed Combat | 3 4 6 |  6.7
Fighting       | |  3.1
Dodging        | |  2.2
Stealth        | |  6.8

Action                   |  1- 3 |  4- 6 || total
-------------------------+-------+-------++-------
Melee: Unarmed           |    35 |    28 ||    63
       Tentacles         |     8 |     7 ||    15
       Constrict         |     9 |     7 ||    16
       Punch             |     2 |     1 ||     3
  Use: Scroll            |     1 |     1 ||     2
       Potion            |     1 |     2 ||     3
 Stab: Sleeping          |     4 |     1 ||     5
Armor: Skin              |     1 |     3 ||     4
Dodge: Dodged            |    14 |    11 ||    25

Table legend: (Time is in decaauts)
 A = Elapsed time spent in this place.
 B = Non-inter-level travel time spent in this place.
 C = Inter-level travel time spent in this place.
 D = Time resting spent in this place.
 E = Time spent auto-exploring this place.
 F = Levels seen in this place.
 G = Mean time per level.
                   A        B        C        D        E       F      G
               +--------+--------+--------+--------+--------+-----+--------+
         Total |    828 |    805 |     23 |    378 |     88 |   3 |  276.0 |
       Dungeon |    310 |    304 |      6 |    127 |     17 |   1 |  310.0 |
        Temple |    308 |    291 |     17 |    137 |     71 |   1 |  308.0 |
         Sewer |    208 |    208 |      0 |    114 |      0 |   1 |  208.0 |
               +--------+--------+--------+--------+--------+-----+--------+

Top non-repeatable levels by time:
     D:5: 310 daAuts
  Temple: 308 daAuts
   Sewer: 208 daAuts
